[Event "Live Chess"]
[Site "Chess.com"]
[Date "2011.01.06"]
[Round "-"]
[White "hipposcottimus"]
[Black "13tone"]
[Result "0-1"]
[CurrentPosition "1k6/1pp4p/1P1b1p2/p2P4/Pr6/2QR4/4rqPP/2R3K1 w - -"]
[Timezone "UTC"]
[ECO "A06"]
[ECOUrl "https://www.chess.com/openings/Reti-Opening-Tennison-Gambit"]
[UTCDate "2011.01.06"]
[UTCTime "01:15:06"]
[WhiteElo "1428"]
[BlackElo "1606"]
[TimeControl "120+12"]
[Termination "13tone won by resignation"]
[StartTime "01:15:06"]
[EndDate "2011.01.06"]
[EndTime "01:29:17"]
[Link "https://www.chess.com/game/live/84641446"]

1. e4 d5 2. Nf3 d4 3. d3 Bg4 4. c3 e5 5. Qa4+ Nc6 6. cxd4 exd4 7. Ne5 Bd7 8. Nxd7 Qxd7 9. Be2 O-O-O 10. O-O Kb8 11. Na3 Ne5 12. Nb5 a6 13. Nc3 dxc3 14. Qb3 c2 15. Qxc2 f5 16. Rd1 Nf6 17. d4 Nc6 18. d5 Nb4 19. Qc4 fxe4 20. Bg5 Nd3 21. Bxf6 gxf6 22. Bxd3 exd3 23. Rxd3 Bd6 24. a4 Qf5 25. b4 Rhe8 26. b5 Re4 27. Qb3 Rb4 28. Qc2 a5 29. Rc1 Re8 30. Qc3 Re2 31. b6 Qxf2+ 0-1

[Event "Live Chess"]
[Site "Chess.com"]
[Date "2011.01.06"]
[Round "-"]
[White "ZARR"]
[Black "hipposcottimus"]
[Result "0-1"]
[CurrentPosition "6k1/p6p/2p1P1pK/7r/4PB1P/6P1/8/8 w - -"]
[Timezone "UTC"]
[ECO "C55"]
[ECOUrl "https://www.chess.com/openings/Italian-Game-Two-Knights-Modern-Bishops-Opening-4...d5-5.exd5-Nxd5"]
[UTCDate "2011.01.06"]
[UTCTime "00:07:05"]
[WhiteElo "1468"]
[BlackElo "1432"]
[TimeControl "600"]
[Termination "hipposcottimus won by checkmate"]
[StartTime "00:07:05"]
[EndDate "2011.01.06"]
[EndTime "00:15:36"]
[Link "https://www.chess.com/game/live/84626022"]

1. e4 e5 2. Nf3 Nc6 3. Bc4 Nf6 4. d3 d5 5. exd5 Nxd5 6. Ng5 Be7 7. Nxf7 Kxf7 8. Qf3+ Bf6 9. Bxd5+ Be6 10. Bxc6 bxc6 11. Qxc6 Re8 12. O-O Kg8 13. Nc3 Bd7 14. Qf3 c6 15. Ne4 Bh4 16. g3 Rf8 17. Qh5 Be7 18. f4 Bf5 19. fxe5 Bxe4 20. Rxf8+ Qxf8 21. dxe4 Bc5+ 22. Kg2 Qf2+ 23. Kh3 Qf1+ 24. Kh4 Be7+ 25. Kg4 Rf8 26. Bg5 Qxa1 27. Bxe7 Qd1+ 28. Kh4 Qxh5+ 29. Kxh5 Rf2 30. h4 Kf7 31. Bg5 Rxc2 32. Bf4 Rxb2 33. Kg5 Rxa2 34. Kf5 g6+ 35. Kg5 Ra5 36. Kh6 Kg8 37. e6 Rh5# 0-1

[Event "Live Chess"]
[Site "Chess.com"]
[Date "2011.01.05"]
[Round "-"]
[White "hipposcottimus"]
[Black "trinasty"]
[Result "1-0"]
[CurrentPosition "2R5/k1K5/1r6/4p3/p7/8/8/Q7 b - -"]
[Timezone "UTC"]
[ECO "C00"]
[ECOUrl "https://www.chess.com/openings/French-Defense-Steiner-Variation"]
[UTCDate "2011.01.05"]
[UTCTime "20:45:37"]
[WhiteElo "1423"]
[BlackElo "1342"]
[TimeControl "360+4"]
[Termination "hipposcottimus won on time"]
[StartTime "20:45:37"]
[EndDate "2011.01.05"]
[EndTime "21:08:04"]
[Link "https://www.chess.com/game/live/84573913"]

1. e4 e6 2. c4 c6 3. d4 Nf6 4. e5 Ng8 5. Nc3 Qa5 6. Bd2 Qd8 7. Nf3 Na6 8. c5 b5 9. Nxb5 cxb5 10. Bxb5 Ne7 11. O-O Nf5 12. Bg5 Qa5 13. a4 Bb7 14. Qd3 h6 15. Bf4 g5 16. Bg3 Nb4 17. Qc3 g4 18. Ne1 a6 19. Be2 Nc6 20. Qxa5 Nxa5 21. Bxg4 Nxd4 22. b4 Nab3 23. Rd1 a5 24. b5 Rg8 25. Bh5 Rg5 26. Bf3 Nxf3+ 27. Nxf3 Bxf3 28. gxf3 h5 29. Kh1 Bxc5 30. f4 Rg8 31. Bh4 Rg4 32. Bg3 h4 33. f3 Rg8 34. Bxh4 Nd4 35. Bf6 Nxf3 36. Rxf3 Bb4 37. h4 Rg4 38. h5 Bf8 39. Rdf1 Bg7 40. Bg5 Rc8 41. h6 Bh8 42. Kh2 Rc4 43. Kh3 Rxg5 44. fxg5 Rxa4 45. Rf4 Ra3+ 46. R4f3 Ra4 47. Rf4 Ra3+ 48. Kh4 Bxe5 49. h7 Bh8 50. Kh5 Rh3+ 51. Rh4 Rg3 52. Ra1 Bxa1 53. b6 Rb3 54. g6 fxg6+ 55. Kxg6 Rg3+ 56. Kh6 Bg7+ 57. Kh5 Bh8 58. b7 Rb3 59. Rg4 Ke7 60. Rg8 Rb5+ 61. Kg6 Be5 62. b8=Q Bxb8 63. h8=Q Be5 64. Re8+ Kd6 65. Qf8+ Kd5 66. Rd8 Kc6 67. Rc8+ Bc7 68. Qd8 Rb7 69. Qh4 e5 70. Qf6+ d6 71. Qf3+ d5 72. Qf6+ Kb5 73. Qf1+ Kb6 74. Kf6 Bd6 75. Ke6 Bc7 76. Kxd5 a4 77. Qb1+ Ka7 78. Qa1 Rb5+ 79. Kc6 Rb6+ 80. Kxc7 1-0

[Event "Live Chess"]
[Site "Chess.com"]
[Date "2011.01.05"]
[Round "-"]
[White "hipposcottimus"]
[Black "georgitanev"]
[Result "0-1"]
[CurrentPosition "r6k/pp3pp1/7p/1P3b2/2P1p3/1P1pqPQ1/3R2PP/6K1 w - -"]
[Timezone "UTC"]
[ECO "C00"]
[ECOUrl "https://www.chess.com/openings/French-Defense-Steiner-Variation"]
[UTCDate "2011.01.05"]
[UTCTime "20:27:18"]
[WhiteElo "1417"]
[BlackElo "1560"]
[TimeControl "300+7"]
[Termination "georgitanev won by resignation"]
[StartTime "20:27:18"]
[EndDate "2011.01.05"]
[EndTime "20:38:26"]
[Link "https://www.chess.com/game/live/84569085"]

1. e4 e6 2. c4 c6 3. d4 d5 4. Nc3 dxe4 5. Nxe4 Nf6 6. Bg5 Be7 7. Ng3 O-O 8. Nf3 h6 9. Bxf6 Bxf6 10. Be2 Qc7 11. Qd3 c5 12. Ne4 Bxd4 13. Nxd4 cxd4 14. O-O Nc6 15. Rad1 e5 16. Qg3 Bf5 17. Nf6+ Kh8 18. Nd5 Qd7 19. b4 Qe6 20. b5 Ne7 21. Nc7 Qf6 22. Nxa8 Rxa8 23. Rd2 Ng6 24. Bf3 e4 25. Be2 d3 26. Bd1 Ne5 27. Bb3 Nd7 28. Re1 Nc5 29. f3 Qb6 30. Re3 Nxb3 31. axb3 Qxe3+ 0-1

[Event "Live Chess"]
[Site "Chess.com"]
[Date "2011.01.05"]
[Round "-"]
[White "beckersdavid"]
[Black "hipposcottimus"]
[Result "1-0"]
[CurrentPosition "8/p5pk/4Qn1p/7r/3Pp2q/4P2P/P4PP1/R1R3K1 b - -"]
[Timezone "UTC"]
[ECO "D10"]
[ECOUrl "https://www.chess.com/openings/Slav-Defense-3.Nc3"]
[UTCDate "2011.01.05"]
[UTCTime "20:03:40"]
[WhiteElo "1426"]
[BlackElo "1422"]
[TimeControl "600"]
[Termination "beckersdavid won on time"]
[StartTime "20:03:40"]
[EndDate "2011.01.05"]
[EndTime "20:22:15"]
[Link "https://www.chess.com/game/live/84562849"]

1. d4 d5 2. c4 c6 3. Nc3 Nd7 4. Nf3 e6 5. Bf4 f5 6. h3 Ngf6 7. cxd5 cxd5 8. e3 Bb4 9. Qa4 Bxc3+ 10. bxc3 O-O 11. Be2 Nb6 12. Qc2 Ne4 13. O-O Bd7 14. Nd2 Ba4 15. Qb2 Qh4 16. Nxe4 fxe4 17. Bg4 h6 18. Bxe6+ Kh8 19. Bg4 Nd7 20. Qb4 Bc6 21. Qd6 Nf6 22. Bg3 Qg5 23. Be2 Rad8 24. Qc5 Nd7 25. Qb4 Qg6 26. c4 Rf5 27. Bg4 Rg5 28. Bh4 Nf6 29. Bxg5 Qxg5 30. Be2 Bd7 31. Kh2 Qh4 32. Qxb7 Bg4 33. Bxg4 Nxg4+ 34. Kg1 Nf6 35. cxd5 Rxd5 36. Qc8+ Kh7 37. Qe6 Rh5 38. Rfc1 1-0

[Event "Live Chess"]
[Site "Chess.com"]
[Date "2011.01.05"]
[Round "-"]
[White "VashishtBhatt"]
[Black "hipposcottimus"]
[Result "0-1"]
[CurrentPosition "7k/6p1/3b3p/4q3/3R3P/6P1/5PK1/8 w - -"]
[Timezone "UTC"]
[ECO "C45"]
[ECOUrl "https://www.chess.com/openings/Scotch-Game-3...d6"]
[UTCDate "2011.01.05"]
[UTCTime "19:43:03"]
[WhiteElo "1200"]
[BlackElo "1430"]
[TimeControl "600"]
[Termination "hipposcottimus won on time"]
[StartTime "19:43:03"]
[EndDate "2011.01.05"]
[EndTime "20:01:14"]
[Link "https://www.chess.com/game/live/84557259"]

1. e4 e5 2. Nf3 Nc6 3. d4 d6 4. d5 Nce7 5. Nc3 f5 6. exf5 Bxf5 7. Bb5+ c6 8. Ba4 Nf6 9. dxc6 Nxc6 10. Bg5 Be7 11. O-O Bg4 12. Nd5 Nxd5 13. Qxd5 Bxf3 14. Qxf3 Bxg5 15. Bxc6+ bxc6 16. Qxc6+ Kf7 17. Qd5+ Ke7 18. Rad1 Re8 19. Qb7+ Kf8 20. Qb4 Be7 21. Qb3 Rb8 22. Qh3 Kg8 23. Qe6+ Kh8 24. Qf7 Bf6 25. Qxa7 Rxb2 26. Qa6 d5 27. c3 Rc2 28. Rd3 e4 29. Rh3 Bxc3 30. Qc6 d4 31. Qc5 Re6 32. Qf5 Rg6 33. Qxg6 h6 34. Qxe4 Rxa2 35. g3 d3 36. Kg2 d2 37. Qf3 Ra1 38. Rd1 Rxd1 39. Qxd1 Qe8 40. Rh4 Qe1 41. Qxe1 dxe1=Q 42. Rf4 Bb4 43. h4 Bd6 44. Rd4 Qe5 0-1

[Event "Live Chess"]
[Site "Chess.com"]
[Date "2011.01.05"]
[Round "-"]
[White "fujia"]
[Black "hipposcottimus"]
[Result "1-0"]
[CurrentPosition "r2qr1k1/ppp2ppp/5B2/7b/2B1P3/2PP2Q1/P1P2RPP/R5K1 b - -"]
[Timezone "UTC"]
[ECO "C23"]
[ECOUrl "https://www.chess.com/openings/Bishops-Opening-2...Nc6-3.Nc3"]
[UTCDate "2011.01.05"]
[UTCTime "03:51:37"]
[WhiteElo "1242"]
[BlackElo "1430"]
[TimeControl "600"]
[Termination "fujia won on time"]
[StartTime "03:51:37"]
[EndDate "2011.01.05"]
[EndTime "03:54:43"]
[Link "https://www.chess.com/game/live/84339905"]

1. e4 e5 2. Bc4 Nc6 3. Nc3 Nf6 4. d3 Bb4 5. f4 exf4 6. Bxf4 d6 7. Nf3 O-O 8. O-O Bg4 9. Qe1 Re8 10. Qg3 Bxc3 11. bxc3 Ne5 12. Nxe5 dxe5 13. Bxe5 Be2 14. Rf2 Bh5 15. Bxf6 1-0

[Event "Live Chess"]
[Site "Chess.com"]
[Date "2011.01.05"]
[Round "-"]
[White "fantantric"]
[Black "hipposcottimus"]
[Result "1-0"]
[CurrentPosition "2kr1q1r/pppbn2p/1b4p1/1N3p2/B2Bp3/P3P3/2PP1PPP/R2QK2R w KQ -"]
[Timezone "UTC"]
[ECO "A00"]
[ECOUrl "https://www.chess.com/openings/Polish-Opening-1...e5-2.Bb2-f6"]
[UTCDate "2011.01.05"]
[UTCTime "03:28:23"]
[WhiteElo "1554"]
[BlackElo "1430"]
[TimeControl "300+5"]
[Termination "fantantric won by resignation"]
[StartTime "03:28:23"]
[EndDate "2011.01.05"]
[EndTime "03:34:40"]
[Link "https://www.chess.com/game/live/84336851"]

1. b4 e5 2. Bb2 f6 3. e3 Bxb4 4. Bd3 g6 5. Qg4 Ba5 6. Nc3 d5 7. Qd1 Nc6 8. a3 Bd7 9. Be2 Qe7 10. Nf3 O-O-O 11. Nxd5 Qd6 12. Nc3 Qf8 13. Bb5 Nge7 14. Ba4 f5 15. Nb5 e4 16. Nfd4 Nxd4 17. Bxd4 Bb6 1-0

[Event "Live Chess"]
[Site "Chess.com"]
[Date "2011.01.05"]
[Round "-"]
[White "hipposcottimus"]
[Black "aj999999"]
[Result "1-0"]
[CurrentPosition "2r5/8/p4B1k/1p2P2R/3p2P1/P2B3P/1R6/7K b - -"]
[Timezone "UTC"]
[ECO "C00"]
[ECOUrl "https://www.chess.com/openings/French-Defense-Franco-Sicilian-Defense"]
[UTCDate "2011.01.05"]
[UTCTime "02:42:35"]
[WhiteElo "1436"]
[BlackElo "1314"]
[TimeControl "540"]
[Termination "hipposcottimus won by checkmate"]
[StartTime "02:42:35"]
[EndDate "2011.01.05"]
[EndTime "02:58:38"]
[Link "https://www.chess.com/game/live/84326934"]

1. e4 e6 2. d4 c5 3. Bb5 a6 4. Be2 d5 5. e5 Nc6 6. c3 cxd4 7. cxd4 Bb4+ 8. Nc3 Qa5 9. Nf3 Bxc3+ 10. bxc3 Qxc3+ 11. Bd2 Qa3 12. O-O Qe7 13. Bg5 f6 14. exf6 Nxf6 15. Re1 Qd7 16. Ne5 Nxe5 17. dxe5 Ne4 18. f4 O-O 19. Bf3 Nc3 20. Qd3 Qc6 21. Rec1 Qb5 22. Qxc3 Bd7 23. Qe1 h6 24. Bh4 Rxf4 25. Qg3 Rf5 26. Bf6 Qb6+ 27. Kh1 g5 28. Bg4 Rf4 29. Bh3 Bc6 30. Bxg5 Qf2 31. Bxf4+ Qxg3 32. Bxg3 Rf8 33. Bxe6+ Kg7 34. Bh4 Re8 35. Bf6+ Kg6 36. Bg4 h5 37. Be2 d4 38. Bd3+ Kh6 39. Rf1 Rg8 40. Rf2 b5 41. a3 Rg4 42. Raa2 h4 43. h3 Rg8 44. Bxh4 Bd5 45. Rab2 Re8 46. Bf6 Rg8 47. Rf4 Bf7 48. Rh4+ Bh5 49. g4 Rc8 50. Rxh5# 1-0

[Event "Live Chess"]
[Site "Chess.com"]
[Date "2011.01.05"]
[Round "-"]
[White "JustinianP"]
[Black "hipposcottimus"]
[Result "1-0"]
[CurrentPosition "r3r1k1/pq4pp/1n6/2N1n3/1B2P1p1/PQ4P1/1P3P1P/2R1R1K1 b - -"]
[Timezone "UTC"]
[ECO "D02"]
[ECOUrl "https://www.chess.com/openings/Queens-Pawn-Opening-Zukertort-Variation"]
[UTCDate "2011.01.05"]
[UTCTime "01:54:04"]
[WhiteElo "1540"]
[BlackElo "1412"]
[TimeControl "240+4"]
[Termination "JustinianP won by resignation"]
[StartTime "01:54:04"]
[EndDate "2011.01.05"]
[EndTime "01:59:58"]
[Link "https://www.chess.com/game/live/84316687"]

1. Nf3 d5 2. d4 Bg4 3. e3 Nc6 4. c4 Nf6 5. cxd5 Nxd5 6. Be2 e6 7. O-O Bd6 8. a3 Nce7 9. Bd2 O-O 10. Qc2 c6 11. Re1 f6 12. Nc3 Qc7 13. g3 c5 14. Rac1 b6 15. Nb5 Qb8 16. Nxd6 Qxd6 17. dxc5 Qc6 18. cxb6 Qxb6 19. Qd3 Qb7 20. e4 Nb6 21. Bb4 Rfe8 22. Nd4 f5 23. Bxg4 fxg4 24. Nxe6 Ng6 25. Nc5 Ne5 26. Qb3+ 1-0

[Event "Live Chess"]
[Site "Chess.com"]
[Date "2011.01.04"]
[Round "-"]
[White "hipposcottimus"]
[Black "gavino210"]
[Result "1-0"]
[CurrentPosition "2r2r2/3p1kp1/p2Pp1p1/1pP2p2/1P1Q3P/P4Rq1/6P1/R5K1 b - -"]
[Timezone "UTC"]
[ECO "B20"]
[ECOUrl "https://www.chess.com/openings/Sicilian-Defense-Staunton-Cochrane-Variation-2...e6"]
[UTCDate "2011.01.04"]
[UTCTime "20:24:39"]
[WhiteElo "1417"]
[BlackElo "1546"]
[TimeControl "120+12"]
[Termination "hipposcottimus won by resignation"]
[StartTime "20:24:39"]
[EndDate "2011.01.04"]
[EndTime "20:36:23"]
[Link "https://www.chess.com/game/live/84234104"]

1. e4 c5 2. c4 e6 3. Nc3 a6 4. Nf3 Nc6 5. d3 Nge7 6. Bf4 Ng6 7. Bg3 Be7 8. e5 Nd4 9. Be2 Nf5 10. O-O Nxg3 11. fxg3 O-O 12. d4 cxd4 13. Qxd4 Qc7 14. Ne4 f5 15. Nd6 Bxd6 16. exd6 Qc6 17. b4 b6 18. a3 Bb7 19. Rf2 Rac8 20. h4 b5 21. c5 Qe4 22. Qb2 Qg4 23. Ne5 Qxg3 24. Nxg6 hxg6 25. Qd4 Kf7 26. Bf3 Bxf3 27. Rxf3 1-0

[Event "Live Chess"]
[Site "Chess.com"]
[Date "2011.01.04"]
[Round "-"]
[White "hipposcottimus"]
[Black "OnceFreeRepublic"]
[Result "0-1"]
[CurrentPosition "r4k2/1pq1b2p/p1b1Qp1r/2p2P2/2Pp4/3P3P/PR4P1/5R1K b - -"]
[Timezone "UTC"]
[ECO "B20"]
[ECOUrl "https://www.chess.com/openings/Sicilian-Defense"]
[UTCDate "2011.01.04"]
[UTCTime "05:56:48"]
[WhiteElo "1405"]
[BlackElo "1438"]
[TimeControl "120+12"]
[Termination "OnceFreeRepublic won by resignation"]
[StartTime "05:56:48"]
[EndDate "2011.01.04"]
[EndTime "06:06:49"]
[Link "https://www.chess.com/game/live/84031884"]

1. e4 c5 2. Bb5 a6 3. Be2 Nc6 4. c4 Nf6 5. d3 e6 6. Nf3 d5 7. Bg5 Be7 8. Nc3 d4 9. e5 dxc3 10. exf6 gxf6 11. Bh6 cxb2 12. Rb1 Rg8 13. O-O e5 14. Kh1 Nd4 15. Rxb2 Qc7 16. Nxd4 exd4 17. f4 Rg6 18. f5 Rxh6 19. Bh5 Bd7 20. Qe2 Bc6 21. Bxf7+ Kxf7 22. Qe6+ Kf8 23. h3 0-1

[Event "Live Chess"]
[Site "Chess.com"]
[Date "2011.01.04"]
[Round "-"]
[White "pupochik"]
[Black "hipposcottimus"]
[Result "0-1"]
[CurrentPosition "1k1r2r1/p6p/1p6/5B2/P7/5bP1/2Rb1P1P/3R2K1 b - -"]
[Timezone "UTC"]
[ECO "D06"]
[ECOUrl "https://www.chess.com/openings/Queens-Gambit-Declined-Austrian-Variation"]
[UTCDate "2011.01.04"]
[UTCTime "05:38:14"]
[WhiteElo "1307"]
[BlackElo "1405"]
[TimeControl "600"]
[Termination "hipposcottimus won by resignation"]
[StartTime "05:38:14"]
[EndDate "2011.01.04"]
[EndTime "05:52:57"]
[Link "https://www.chess.com/game/live/84028482"]

1. d4 d5 2. c4 c5 3. b4 dxc4 4. bxc5 e5 5. Qa4+ Nc6 6. Nf3 exd4 7. Bb2 Bxc5 8. Qxc4 Bb4+ 9. Nbd2 Be6 10. Qb5 Qb6 11. a4 Nf6 12. Bxd4 Qa5 13. Qxa5 Bxa5 14. Bxf6 gxf6 15. e3 O-O-O 16. Bb5 Nb4 17. O-O Nc2 18. Rac1 Rhg8 19. Rxc2+ Kb8 20. Rb1 Bh3 21. g3 Bf5 22. e4 Bg4 23. Bc4 f5 24. Bd5 b6 25. Rbc1 fxe4 26. Bxe4 f5 27. Bd3 Bxf3 28. Bxf5 Bxd2 29. Rd1 0-1

[Event "Live Chess"]
[Site "Chess.com"]
[Date "2011.01.04"]
[Round "-"]
[White "Zafodbeeblebrox"]
[Black "hipposcottimus"]
[Result "0-1"]
[CurrentPosition "r1b3k1/pp2b3/4p3/3pP1N1/3P2p1/2P3P1/PPq4r/2BKRR2 w - -"]
[Timezone "UTC"]
[ECO "D00"]
[ECOUrl "https://www.chess.com/openings/Queens-Pawn-Opening-1...d5-2.e3-c5"]
[UTCDate "2011.01.04"]
[UTCTime "05:26:28"]
[WhiteElo "1284"]
[BlackElo "1399"]
[TimeControl "120+12"]
[Termination "hipposcottimus won by checkmate"]
[StartTime "05:26:28"]
[EndDate "2011.01.04"]
[EndTime "05:35:43"]
[Link "https://www.chess.com/game/live/84026326"]

1. d4 d5 2. e3 c5 3. Bd3 cxd4 4. exd4 Nc6 5. c3 f5 6. f4 e6 7. Nf3 Nf6 8. O-O Be7 9. Ne5 O-O 10. Qf3 Bd6 11. Qh3 Nxe5 12. fxe5 Ng4 13. Qh5 Be7 14. h3 g6 15. Bh6 Rf7 16. Qxg6+ hxg6 17. hxg4 Rh7 18. Bf4 Rh4 19. Be2 fxg4 20. g3 Rh7 21. Bxg4 g5 22. Be3 Qe8 23. Nd2 Qg6 24. Nf3 Qe4 25. Rae1 Qxg4 26. Kf2 Qf5 27. Ke2 g4 28. Ng5 Rh2+ 29. Kd1 Qb1+ 30. Bc1 Qc2# 0-1

[Event "Live Chess"]
[Site "Chess.com"]
[Date "2011.01.04"]
[Round "-"]
[White "hipposcottimus"]
[Black "Zafodbeeblebrox"]
[Result "1-0"]
[CurrentPosition "3R4/Q3r1pp/1ppk3n/8/1P6/8/P5PP/R5K1 b - -"]
[Timezone "UTC"]
[ECO "C00"]
[ECOUrl "https://www.chess.com/openings/French-Defense-Steiner-Variation"]
[UTCDate "2011.01.04"]
[UTCTime "05:14:17"]
[WhiteElo "1393"]
[BlackElo "1290"]
[TimeControl "120+12"]
[Termination "hipposcottimus won by resignation"]
[StartTime "05:14:17"]
[EndDate "2011.01.04"]
[EndTime "05:25:21"]
[Link "https://www.chess.com/game/live/84024059"]

1. e4 e6 2. c4 f6 3. d4 c6 4. Nc3 d5 5. e5 Nd7 6. cxd5 exd5 7. Bf4 fxe5 8. dxe5 Qb6 9. e6 Ndf6 10. Na4 Qb4+ 11. Bd2 Qe4+ 12. Be3 Bb4+ 13. Nc3 Bxe6 14. Nf3 O-O-O 15. Bd3 d4 16. Bxe4 dxe3 17. Qe2 exf2+ 18. Qxf2 Nxe4 19. Qe3 Nxc3 20. bxc3 Re8 21. cxb4 Bd7 22. Ne5 Nh6 23. Qd4 Re7 24. O-O Rd8 25. Nxd7 Rdxd7 26. Qxa7 Kc7 27. Rf8 Rd8 28. Qa5+ b6 29. Qa7+ Kd6 30. Rxd8+ 1-0

[Event "Live Chess"]
[Site "Chess.com"]
[Date "2011.01.04"]
[Round "-"]
[White "hipposcottimus"]
[Black "soul_warrior"]
[Result "1-0"]
[CurrentPosition "r3k1q1/pp2Qpbr/2p5/4pN2/2P1P3/5N2/PPP2P1p/R5RK b - -"]
[Timezone "UTC"]
[ECO "C42"]
[ECOUrl "https://www.chess.com/openings/Petrovs-Defense-Urusov-Gambit"]
[UTCDate "2011.01.04"]
[UTCTime "05:02:17"]
[WhiteElo "1387"]
[BlackElo "1263"]
[TimeControl "600"]
[Termination "hipposcottimus won by checkmate"]
[StartTime "05:02:17"]
[EndDate "2011.01.04"]
[EndTime "05:11:02"]
[Link "https://www.chess.com/game/live/84021479"]

1. e4 e5 2. Nf3 Nf6 3. Bc4 d6 4. d3 Nc6 5. Bg5 Qe7 6. Nc3 Na5 7. Bxf6 Qxf6 8. Nd5 Qd8 9. O-O Nxc4 10. dxc4 c6 11. Ne3 g5 12. Ne1 g4 13. Nxg4 h5 14. Ne3 h4 15. h3 Qg5 16. Nf3 Qg6 17. Qd3 Bxh3 18. Kh1 Bxg2+ 19. Nxg2 h3 20. Ngh4 Qg8 21. Rg1 Bg7 22. Nf5 Rh7 23. Nxd6+ Kf8 24. Nf5 h2 25. Qd6+ Ke8 26. Qe7# 1-0

[Event "Live Chess"]
[Site "Chess.com"]
[Date "2011.01.04"]
[Round "-"]
[White "vish555"]
[Black "hipposcottimus"]
[Result "0-1"]
[CurrentPosition "7r/1p1B4/5k2/2n2pp1/7K/6P1/4R2P/r3n3 w - -"]
[Timezone "UTC"]
[ECO "A00"]
[ECOUrl "https://www.chess.com/openings/Kings-Fianchetto-Opening-1...e5-2.Bg2-d5-3.d3"]
[UTCDate "2011.01.04"]
[UTCTime "04:49:21"]
[WhiteElo "1133"]
[BlackElo "1381"]
[TimeControl "300+1"]
[Termination "hipposcottimus won by checkmate"]
[StartTime "04:49:21"]
[EndDate "2011.01.04"]
[EndTime "05:00:16"]
[Link "https://www.chess.com/game/live/84019084"]

1. g3 e5 2. Bg2 d5 3. d3 c5 4. c4 dxc4 5. e4 cxd3 6. Nf3 Bg4 7. Nc3 Bxf3 8. Bxf3 c4 9. O-O Bc5 10. b3 Qd4 11. Qd2 Bb4 12. Bb2 Nc6 13. Qe3 Bxc3 14. Bxc3 Qxc3 15. Rac1 Qb2 16. Rxc4 Qxa2 17. Qxd3 Nf6 18. b4 Qa6 19. Rc3 Qxd3 20. Rxd3 Nxb4 21. Rb3 a5 22. Be2 Nxe4 23. Bb5+ Ke7 24. Re1 Nc5 25. Rxe5+ Kd6 26. Rbe3 a4 27. f4 a3 28. Rxa3 Rxa3 29. Re2 Nbd3 30. Be8 Ra1+ 31. Kg2 Ne1+ 32. Kh3 f5 33. Rd2+ Ke7 34. Re2+ Kf6 35. Kh4 h6 36. Bd7 g5+ 37. fxg5+ hxg5# 0-1

[Event "Live Chess"]
[Site "Chess.com"]
[Date "2011.01.04"]
[Round "-"]
[White "hipposcottimus"]
[Black "vish555"]
[Result "0-1"]
[CurrentPosition "4r1k1/p4p1p/6r1/2B1P3/7p/5q2/PP5P/3R3K w - -"]
[Timezone "UTC"]
[ECO "C40"]
[ECOUrl "https://www.chess.com/openings/Kings-Pawn-Opening-Kings-Knight-Variation"]
[UTCDate "2011.01.04"]
[UTCTime "04:40:10"]
[WhiteElo "1378"]
[BlackElo "1136"]
[TimeControl "300+1"]
[Termination "vish555 won by checkmate"]
[StartTime "04:40:10"]
[EndDate "2011.01.04"]
[EndTime "04:48:41"]
[Link "https://www.chess.com/game/live/84017085"]

1. e4 e5 2. Nf3 g6 3. Bc4 Bg7 4. d4 exd4 5. e5 Qe7 6. Qxd4 c5 7. Qf4 d5 8. Bxd5 Be6 9. Bxb7 Qxb7 10. O-O Nc6 11. Nc3 Nxe5 12. Nxe5 Nf6 13. Ne4 O-O 14. Nxc5 Qd5 15. Nxe6 Qxe6 16. Be3 Nh5 17. Qc4 Bxe5 18. f4 Qxc4 19. fxe5 Qe4 20. Bh6 Rfe8 21. Rae1 Qxc2 22. Rf2 Qc7 23. Rfe2 Re7 24. Bg5 Re6 25. g4 Rae8 26. gxh5 gxh5 27. Bf4 Qd7 28. Rg2+ Kf8 29. Rg5 h4 30. Rh5 Qd4+ 31. Be3 Qg4+ 32. Kh1 Qxh5 33. Bc5+ Kg8 34. Rg1+ Rg6 35. Rd1 Qf3# 0-1

[Event "Live Chess"]
[Site "Chess.com"]
[Date "2011.01.04"]
[Round "-"]
[White "hipposcottimus"]
[Black "The_UnderEstimated"]
[Result "0-1"]
[CurrentPosition "K7/6p1/qbk4p/p6P/P5p1/8/8/8 w - -"]
[Timezone "UTC"]
[ECO "C41"]
[ECOUrl "https://www.chess.com/openings/Philidor-Defense-Hanham-Variation"]
[UTCDate "2011.01.04"]
[UTCTime "02:35:56"]
[WhiteElo "1390"]
[BlackElo "1068"]
[TimeControl "600"]
[Termination "The_UnderEstimated won on time"]
[StartTime "02:35:56"]
[EndDate "2011.01.04"]
[EndTime "02:54:09"]
[Link "https://www.chess.com/game/live/83990901"]

1. e4 e5 2. Nf3 d6 3. d4 Nd7 4. dxe5 dxe5 5. Nbd2 Bd6 6. Nc4 Qe7 7. Be2 h6 8. O-O Ngf6 9. Bd3 Kf8 10. Re1 b5 11. Ne3 a6 12. Nd5 Nxd5 13. exd5 Nb6 14. Be4 Bg4 15. Be3 Nc4 16. b3 Nxe3 17. fxe3 c5 18. dxc6 Rd8 19. Qd2 Bb4 20. Qxd8+ Qxd8 21. Red1 Qe7 22. c4 bxc4 23. bxc4 Bc5 24. Rab1 Bxf3 25. Rb8+ Qe8 26. Rxe8+ Kxe8 27. Bxf3 Bxe3+ 28. Kf1 Ke7 29. Rd7+ Ke8 30. Rb7 Bg5 31. c7 Kd7 32. c5 Rc8 33. c6+ Kd6 34. Bg4 Rxc7 35. Rxc7 Kxc7 36. Bf3 a5 37. Ke2 f5 38. Bd5 Bf4 39. g3 Bg5 40. h4 Be7 41. Ke3 Kd6 42. Kd3 Bd8 43. Kc4 e4 44. Kb5 Kxd5 45. a4 e3 46. Ka6 Kxc6 47. g4 fxg4 48. h5 e2 49. Ka7 e1=Q 50. Ka6 Qe2+ 51. Ka7 Bb6+ 52. Ka8 Qa6+ 0-1

[Event "Live Chess"]
[Site "Chess.com"]
[Date "2011.01.04"]
[Round "-"]
[White "dickensian"]
[Black "hipposcottimus"]
[Result "0-1"]
[CurrentPosition "3r1r2/ppp5/5k2/4p1pp/4P3/2P1KP2/P1P3PP/3R1b2 w - -"]
[Timezone "UTC"]
[ECO "C45"]
[ECOUrl "https://www.chess.com/openings/Scotch-Game-3...d6"]
[UTCDate "2011.01.04"]
[UTCTime "02:27:10"]
[WhiteElo "1413"]
[BlackElo "1390"]
[TimeControl "120+12"]
[Termination "hipposcottimus won by resignation"]
[StartTime "02:27:10"]
[EndDate "2011.01.04"]
[EndTime "02:33:14"]
[Link "https://www.chess.com/game/live/83989302"]

1. e4 e5 2. Nf3 Nc6 3. d4 d6 4. Bc4 Nf6 5. O-O Bg4 6. dxe5 Nxe5 7. Bxf7+ Kxf7 8. Nxe5+ dxe5 9. Qxd8 Rxd8 10. f3 Bd7 11. Nc3 Bb4 12. Bg5 Bxc3 13. Bxf6 Kxf6 14. bxc3 Rhf8 15. Rab1 Bc6 16. Rbd1 g5 17. Kf2 h5 18. Ke2 Bb5+ 19. Ke3 Bxf1 0-1